 Dungeon Crawl Stone Soup version 0.27.0-1-g7a089689b8 (webtiles) character file.

Game seed: 12898236380436484777

53 jiml777 the Gusty (level 3, 0/24 HPs)
             Began as a Demonspawn Air Elementalist on Aug 13, 2021.
             Slain by a killer bee zombie (2 damage)
             ... on level 3 of the Dungeon.
             The game lasted 00:10:36 (1626 turns).

jiml777 the Gusty (Demonspawn Air Elementalist)     Turns: 1626, Time: 00:10:37

Health: 0/24       AC:  7    Str:  8    XL:     3   Next: 64%
Magic:  6/6        EV: 12    Int: 17    God:
Gold:   122        SH:  0    Dex: 13    Spells: 5/6 levels left

rFire    . . .     SeeInvis .   c - +0 short sword
rCold    . . .     Faith    .   (no shield)
rNeg     . . .     Spirit   .   a - +0 robe
rPois    .         Reflect  .   (no helmet)
rElec    .         Harm     .   (no cloak)
rCorr    .         Rampage  .   (no gloves)
Will     .....                  k - +0 pair of boots
Stlth    ++........             (no amulet)
HPRegen  0.08/turn              f - +4 ring of protection
MPRegen  0.20/turn              (no ring)

@: brilliant
A: magic regeneration
a: no special abilities


You were on level 3 of the Dungeon.
You visited 1 branch of the dungeon, and saw 4 of its levels.

You collected 122 gold pieces.

Inventory:

Hand Weapons
 b - a +0 dagger
 c - a +0 short sword (weapon)
Missiles
 n - 15 poisoned darts
Armour
 a - a +0 robe (worn)
 k - a +0 pair of boots (worn)
Jewellery
 f - a +4 ring of protection (left hand)
 j - a +6 ring of strength
Scrolls
 d - a scroll of identify {unknown}
 e - 2 scrolls of acquirement {unknown}
 g - a scroll of magic mapping {unknown}
 i - a scroll of fog {unknown}
 o - a scroll of fear {unknown}
Potions
 h - a potion of curing {unknown}
 l - a potion of lignification {unknown}


   Skills:
 + Level 0.6 Short Blades
 + Level 2.6 Dodging
 + Level 2.0 Stealth
 + Level 2.2 Spellcasting
 + Level 1.1 Conjurations
 + Level 3.2 Air Magic


You had 5 spell levels left.
You knew the following spells:

 Your Spells              Type           Power      Damage    Failure   Level
a - Shock                 Conj/Air       56%        1d6       8%          1

Your spell library contained the following spells:

 Spells                   Type           Power      Damage    Failure   Level
 Static Discharge         Conj/Air       14%        N/A       12%         2
 Swiftness                Air            19%        N/A       16%         3
 Animate Skeleton         Necr           4%         N/A       19%         1
 Pain                     Necr           8%         1d4       19%         1
 Airstrike                Air            9%         N/A       45%         4
 Vampiric Draining        Necr           1%         2d6       50%         3


Dungeon Overview and Level Annotations

Branches:
Dungeon (4/15)
 Temple: D:4-7

Altars:
Kikubaaqudgha


Innate Abilities, Weirdness & Mutations

You regenerate magic rapidly.


Message History

You hit the killer bee zombie.
The killer bee zombie is moderately damaged.
The killer bee zombie hits you but does no damage.
The killer bee zombie closely misses you.
You hit the killer bee zombie.
The killer bee zombie is moderately damaged.
The killer bee zombie hits you.
You closely miss the killer bee zombie.
The killer bee zombie is moderately damaged.
The killer bee zombie closely misses you.
The killer bee zombie misses you.
You closely miss the killer bee zombie.
The killer bee zombie is moderately damaged.
The killer bee zombie hits you but does no damage.
The killer bee zombie hits you.
You hit the killer bee zombie.
The killer bee zombie is heavily damaged.
The killer bee zombie barely misses you. x2
You hit the killer bee zombie.
The killer bee zombie is severely damaged.
The killer bee zombie closely misses you.
The killer bee zombie hits you.
* * * LOW HITPOINT WARNING * * *
You completely miss the killer bee zombie.
The killer bee zombie is severely damaged.
The killer bee zombie hits you.
* * * LOW HITPOINT WARNING * * *
The killer bee zombie completely misses you.
You closely miss the killer bee zombie.
The killer bee zombie is severely damaged.
The killer bee zombie barely misses you. x2
You barely miss the killer bee zombie.
The killer bee zombie is severely damaged.
The killer bee zombie hits you.
* * * LOW HITPOINT WARNING * * *
The killer bee zombie misses you.
It was a potion of brilliance.
You feel clever all of a sudden. The killer bee zombie hits you.
You die...

.....^#.# #.....#(#
+.......#
#...#...#####.#
+...+.<.......#
#####...#....######.
+....)..............
##.Z)#####.#.#######
#..@# #...# #...#
##..# #.... ....#
#..... ...#.#
....... ......
..[..#######...#
......# .......#


You could see a killer bee zombie.

Vanquished Creatures
  An adder (D:4)
  An adder skeleton (D:4)
  2 dart slugs (D:1)
  3 bats
  4 endoplasms
  2 hobgoblins (D:1)
  8 jackals
  2 quokkas (D:2)
  4 ball pythons
  2 goblins (D:3)
  2 kobolds (D:1)
  4 rats
35 creatures vanquished.

Notes
Turn   | Place    | Note
-------+----------+-------------------------------------------
     0 | D:1      | jiml777 the Demonspawn Air Elementalist began the quest for
                  | the Orb.
     0 | D:1      | Reached XP level 1. HP: 13/13 MP: 3/3
     0 | D:1      | Noticed a spriggan
     0 | D:1      | Noticed a minotaur
     1 | D:1      | Noticed a troll
     3 | D:1      | Noticed a djinni
     5 | D:1      | Noticed a vampire
     6 | D:1      | Noticed a naga
     7 | D:1      | Noticed a troll
     9 | D:1      | Noticed a spriggan
    11 | D:1      | Noticed a draconian
    13 | D:1      | Noticed a ghoul
    13 | D:1      | Noticed a formicid
    15 | D:1      | Noticed an elf
    15 | D:1      | Noticed a human
    15 | D:1      | Noticed an octopode
    17 | D:1      | Noticed a demonspawn
    17 | D:1      | Noticed an elf
    17 | D:1      | Noticed an octopode
    19 | D:1      | Noticed a barachi
    21 | D:1      | Noticed a demonspawn
   295 | D:1      | Found a faded altar of an unknown god.
   513 | D:1      | Gained mutation: You regenerate magic rapidly. [demonic
                  | ancestry]
   513 | D:1      | Reached XP level 2. HP: 18/19 MP: 0/5
   602 | D:1      | Reached skill level 3 in Air Magic
  1334 | D:2      | Reached XP level 3. HP: 24/24 MP: 3/6
  1423 | D:2      | You fall into a shaft and drop 2 floors!
  1423 | D:4      | Found an ancient bone altar of Kikubaaqudgha.
  1626 | D:3      | Slain by a killer bee zombie

Illustrated notes

Levels and vault maps discovered:
D:1:      shiori_arrival_whats_in_store_for_you, layout_rooms,
          hellmonk_ecumenical_altar_slurped_away, serial_bayou_ford_a,
          minmay_liquid_box, minmay_misc_feat_five, minmay_split_cup_small
D:2:      minmay_alternating_diamond, layout_basic, serial_shops,
          nicolae_shop_trees, minmay_tromino_v7
D:3:      layout_basic, tso_oasis_becter
D:4:      layout_basic, kiku_gazebo_pond_becter, enter_ossuary_3,
          lightli_sewer_entry_pipes, uniq_ijyb

Skill      XL: |  1  2 |
---------------+-------+-----
Dodging        | 2 |  2.6
Air Magic      | 3 |  3.2
Stealth        | 2 |  2.0
Short Blades   | |  0.6
Spellcasting   | |  2.2
Conjurations   | |  1.1

Action                   || total
-------------------------++-------
Melee: Short sword       ||    79
       Dagger            ||    19
 Cast: Shock             ||    23
  Use: Potion            ||     1
 Stab: Sleeping          ||     2
Armor: Robe              ||    46
Dodge: Dodged            ||    96
